 Dungeon Crawl Stone Soup version 0.17.0-22-g5edae84 (console) character file.

9795 Kloppie the Fighter (level 11, -3/131 HPs)
             Began as an Ogre Berserker on Nov 13, 2015.
             Was an Elder of Trog.
             Slain by a yak (10 damage)
             ... on level 1 of the Lair of Beasts.
             The game lasted 00:23:07 (11485 turns).

Kloppie the Fighter (Ogre Berserker)               Turns: 11485, Time: 00:23:07

Health: -3/131     AC:  7    Str: 26    XL:     11   Next: 52%
Magic:  11/11      EV: 15    Int:  6    God:    Trog [****..]
Gold:   396        SH:  0    Dex: 14    Spells: 0 memorised, 10 levels left

rFire  . . .     SeeInvis .     P - +3 great mace "Paduffou" {flame, rElec}
rCold  . . .     Clarity  .     B - +2 robe {MR+}
rNeg   . . .     SustAt   .     (shield currently unavailable)
rPois  +         Gourm    +     (helmet restricted)
rElec  +         Spirit   .     f - +1 cloak
rCorr  .         Warding  .     (gloves unavailable)
rMut   .         Stasis   .     (boots unavailable)
MR     ++...                    G - amulet of the gourmand
Stlth  +++.......               E - ring of poison resistance
                                v - ring of stealth

@: exhausted, about to teleport, slowed, very slow, very resistant to hostile
enchantments, fairly stealthy
A: unfitting armour, agile 1, strong 1, tough skin 1
a: Berserk, Trog's Hand, Brothers in Arms, Burn Spellbooks, Renounce Religion


You were on level 1 of the Lair of Beasts.
You worshipped Trog.
Trog was greatly pleased with you.
You were very hungry.

You visited 2 branches of the dungeon, and saw 11 of its levels.

You collected 525 gold pieces.
You spent 129 gold pieces at shops.

Inventory:

Hand Weapons
 b - a +0 blowgun
 h - a +0 giant spiked club
 D - a +1 morningstar
 P - the +3 great mace "Paduffou" (weapon) {flame, rElec}
   (Trog gifted it to you on level 10 of the Dungeon)

   It has been specially enchanted to burn those struck by it, causing extra
   injury to most foes and up to half again as much damage against particularly
   susceptible opponents.
   It insulates you from electricity.
Missiles
 o - 26 poisoned needles
Armour
 f - a +1 cloak (worn)
 B - a +2 robe of magic resistance (worn)
Jewellery
 m - an uncursed amulet of faith
 v - a ring of stealth (left hand)
 C - an uncursed ring of teleportation
 E - a ring of poison resistance (right hand)
 G - an amulet of the gourmand (around neck)
Wands
 l - a wand of lightning (13)
Scrolls
 e - 5 scrolls of fog
 g - 11 scrolls of remove curse
 k - 6 scrolls of teleportation
 r - a scroll of magic mapping
 s - 2 scrolls of blinking
Potions
 d - a potion of brilliance
 q - a potion of might
 u - 4 potions of berserk rage
 w - 2 potions of flight
 H - a potion of invisibility {unknown}
 J - 8 potions of curing
 O - a potion of haste {unknown}
Books
 I - a book of Maledictions

   Spells                             Type                      Level
   a - Corona                         Hexes                        1
   b - Ensorcelled Hibernation        Hexes/Ice                    2
   c - Confuse                        Hexes                        3
   d - Tukima's Dance                 Hexes                        3
   e - Dazzling Spray                 Conjuration/Hexes            3
   Trog disapproves of the use of such an item.
Comestibles
 c - 9 bread rations
 L - 4 meat rations
 N - 5 chunks of flesh


   Skills:
 + Level 14.4 Fighting
 + Level 12.3 Maces & Flails
 + Level 9.9 Dodging


You had 10 spell levels left.
You didn't know any spells.

Dungeon Overview and Level Annotations

Branches:
Dungeon (10/15)            Temple (0/1) D:5            Lair (1/8) D:10
    Orc (0/4) D:9

Altars:
Cheibriados
Dithmenos
Elyvilon
Gozag
Kikubaaqudgha
Nemelex Xobeh
Qazlal
Ru
Sif Muna
Xom
Yredelemnul
Zin

Shops:
D:6 %*


Innate Abilities, Weirdness & Mutations

You are too large for most types of armour.
You have tough skin (AC +1).
You are agile. (Dex +2)
Your muscles are strong. (Str +2)


Message History

You bludgeon the yak!! You burn the yak!
You kill the yak!
Trog accepts your kill. The yak barely misses you. The yak gores you.
* * * LOW HITPOINT WARNING * * *
The yak closely misses you.
You feel the effects of Trog's Hand fading.
You feel a strong urge to attack something.
You feel your anger subside.
You are no longer berserk.
You are exhausted.
You feel yourself slow down.
You are feeling very hungry.
Read which item? (? for menu, Esc to quit)
As you read the scroll of teleportation, it crumbles to dust.
You feel strangely unstable.
Your skin stops crawling.
You feel less resistant to hostile enchantments.
The yak gores you!
You die...

..###### ##.......
.....#.######...........
.........#...............
..........................
.................?.......?#
.#.#........................
.............................
.#.#.........................
................@............
.#.#............YY...........
.................Y...........
.#.#.........................
.........P#.......>..........
.#.#....####.........††......
.....### ##.........†......
.#.#.# ##..............$
.....# ##..............


You could see 3 yaks.

Vanquished Creatures
  A centaur warrior (D:10)
  Pikel (D:5)
  A hill giant (D:10)
  Maurice (D:10)
  A komodo dragon (D:10)
  Prince Ribbit (D:7)
  2 trolls (D:10)
  A two-headed ogre (D:9)
  2 trapdoor spiders (D:10)
  A steam dragon (D:9)
  2 deep elf magi (D:10)
  A wyvern (D:8)
  3 hippogriffs
  3 yaks (Lair:1)
  A hungry ghost (D:5)
  3 water moccasins
  2 porcupines (Lair:1)
  An orc warrior (D:9)
  A black bear (D:10)
  2 sky beasts
  A crocodile (D:8)
  6 centaurs
  6 ogres
  3 phantoms
  A gnoll sergeant (D:8)
  7 giant frogs
  7 scorpions
  4 killer bees (D:7)
  2 quasits
  3 crimson imps
  A centaur zombie (D:9)
  A giant frog zombie (D:7)
  4 jellies
  6 hounds
  4 iguanas
  9 orc priests
  10 orc wizards
  11 worker ants
  A killer bee zombie (D:8)
  2 hound skeletons
  13 gnolls
  7 adders
  2 shadow imps
  An adder zombie (D:8)
  3 worms
  5 giant geckos
  53 orcs
  7 giant cockroaches
  9 goblins
  12 hobgoblins
  18 jackals
  13 kobolds
  3 quokkas
  9 bats
  A giant gecko skeleton (D:4)
  10 giant newts
  2 quokka skeletons
  16 rats
  2 plants (D:10)
306 creatures vanquished.

Vanquished Creatures (others)
  A slave (D:5)
  A plant (D:10)
2 creatures vanquished.

Grand Total: 308 creatures vanquished

Notes
Turn   | Place    | Note
--------------------------------------------------------------
     0 | D:1      | Kloppie the Ogre Berserker began the quest for the Orb.
     0 | D:1      | Reached XP level 1. HP: 24/24 MP: 1/1
    56 | D:1      | Reached XP level 2. HP: 18/32 MP: 2/2
   595 | D:1      | Reached skill level 5 in Maces & Flails
   604 | D:1      | Reached ** piety under Trog
   604 | D:1      | Reached XP level 3. HP: 35/40 MP: 3/3
  1531 | D:2      | Found an opulent altar of Gozag.
  1677 | D:2      | Reached skill level 5 in Fighting
  1677 | D:2      | Reached XP level 4. HP: 47/50 MP: 4/4
  1839 | D:2      | Reached *** piety under Trog
  2146 | D:3      | Reached skill level 6 in Maces & Flails
  2146 | D:3      | Reached XP level 5. HP: 27/57 MP: 5/5
  2637 | D:3      | Found a glowing silver altar of Zin.
  2690 | D:3      | Reached **** piety under Trog
  2738 | D:3      | Reached XP level 6. HP: 35/68 MP: 6/6
  2964 | D:4      | Reached skill level 7 in Maces & Flails
  3142 | D:4      | Gained mutation: Your muscles are strong. (Str +2) [potion of beneficial mutation]
  3472 | D:4      | Reached XP level 7. HP: 30/78 MP: 7/7
  4251 | D:4      | Reached skill level 8 in Fighting
  4534 | D:3      | Found a sparkling altar of Nemelex Xobeh.
  5490 | D:5      | Entered Level 5 of the Dungeon
  5532 | D:5      | Reached XP level 8. HP: 61/91 MP: 8/8
  5578 | D:5      | Found a staircase to the Ecumenical Temple.
  5605 | D:5      | Reached skill level 9 in Fighting
  6120 | D:5      | Noticed Pikel
  6143 | D:5      | Killed Pikel
  6143 | D:5      | Reached skill level 10 in Fighting
  6143 | D:5      | Reached skill level 5 in Dodging
  6256 | D:5      | Found a stormy altar of Qazlal.
  6274 | D:5      | Reached ***** piety under Trog
  6726 | D:5      | Reached XP level 9. HP: 87/102 MP: 9/9
  6870 | D:6      | Found a shimmering altar of Xom.
  7197 | D:6      | Reached skill level 11 in Fighting
  7227 | D:6      | Found a basalt altar of Yredelemnul.
  7284 | D:6      | Found a deep blue altar of Sif Muna.
  7284 | D:6      | Found a white marble altar of Elyvilon.
  7347 | D:6      | Found Pokeff's Food Shop.
  7393 | D:6      | Found Ifinioph's Assorted Antiques.
  7396 | D:6      | Bought 2 scrolls labeled NUMISHR BUHEUG for 44 gold pieces
  7396 | D:6      | Bought a scroll labeled NUMISHR BUHEUG for 22 gold pieces
  7396 | D:6      | Bought a scroll labeled ATECWY MIACASCH for 22 gold pieces
  7396 | D:6      | Bought a scroll labeled NUMISHR BUHEUG for 22 gold pieces
  7396 | D:6      | Bought a cyan potion for 19 gold pieces
  8221 | D:7      | Noticed Prince Ribbit
  8224 | D:7      | Killed Prince Ribbit
  8496 | D:7      | Reached skill level 12 in Fighting
  8549 | D:7      | Received a gift from Trog
  8571 | D:7      | Got a twisted glaive {god gift}
  8575 | D:7      | Identified the +1 glaive of Tenacity {vamp, rN+ MR+} (Trog gifted it to you on level 7 of the Dungeon)
  9053 | D:8      | Found a shadowy altar of Dithmenos.
  9053 | D:8      | Found a snail-covered altar of Cheibriados.
  9062 | D:8      | Found a sacrificial altar of Ru.
  9111 | D:8      | Reached XP level 10. HP: 77/117 MP: 10/10
  9207 | D:8      | Reached skill level 10 in Maces & Flails
  9525 | D:9      | Reached skill level 13 in Fighting
  9672 | D:9      | Found an ancient bone altar of Kikubaaqudgha.
  9713 | D:9      | Found a staircase to the Orcish Mines.
  9902 | D:9      | Received a gift from Trog
 10234 | D:10     | Entered Level 10 of the Dungeon
 10278 | D:10     | Noticed Maurice
 10287 | D:10     | Killed Maurice
 10294 | D:10     | Found a staircase to the Lair.
 10666 | D:10     | Reached XP level 11. HP: 125/128 MP: 11/11
 10828 | D:10     | Noticed a centaur warrior
 10835 | D:10     | Killed a centaur warrior
 10835 | D:10     | Reached skill level 14 in Fighting
 11158 | D:10     | Received a gift from Trog
 11178 | D:10     | Got a fine great mace {god gift}
 11179 | D:10     | Identified the +3 great mace "Paduffou" {flame, rElec} (Trog gifted it to you on level 10 of the Dungeon)
 11203 | D:10     | Noticed a hill giant
 11208 | D:10     | Killed a hill giant
 11370 | Lair:1   | Entered Level 1 of the Lair of Beasts
 11373 | Lair:1   | Gained mutation: You are agile. (Dex +2) [potion of beneficial mutation]
 11478 | Lair:1   | HP: 5/196 [yak (16)]
 11485 | Lair:1   | Slain by a yak

Action                   |  1- 3 |  4- 6 |  7- 9 | 10-12 || total
-------------------------+-------+-------+-------+-------++-------
Melee: Mace              |   137 |   190 |   102 |       ||   429
       Flail             |       |       |   101 |       ||   101
       Whip              |       |       |    82 |       ||    82
       Giant spiked club |       |       |   105 |   223 ||   328
       Morningstar       |       |       |    24 |       ||    24
       Great mace        |       |       |       |    30 ||    30
Throw: Stone             |       |     3 |       |       ||     3
Invok: Berserk           |       |     3 |     6 |     1 ||    10
       Trog's Hand       |       |     3 |     3 |     2 ||     8
  Use: Potion            |       |     1 |       |     1 ||     2
       Scroll            |       |       |    18 |     4 ||    22
 Stab: Sleeping          |     3 |       |     3 |     5 ||    11
       Distracted        |       |       |     1 |       ||     1
  Eat: Chunk             |     3 |     9 |    20 |     9 ||    41
       Bread ration      |       |       |     2 |       ||     2
       Meat ration       |       |       |     1 |       ||     1
